 Dungeon Crawl Stone Soup version 0.21-a0-426-g98080a9 (webtiles) character file.

535 Kidiri the Changer (level 7, -3/69 HPs)
             Began as a Pale Draconian Transmuter on Nov 6, 2017.
             Was an Initiate of Wu Jian.
             Slain by a slave (8 damage)
             ... led by Pikel
             ... on level 5 of the Dungeon.
             The game lasted 00:15:14 (5273 turns).

Kidiri the Changer (Pale Draconian Transmuter)      Turns: 5273, Time: 00:15:14

Health: -3/69      AC:  6    Str: 12    XL:     7   Next: 4%
Magic:  6/11       EV: 11    Int: 14    God:    Wu Jian [......]
Gold:   264        SH:  0    Dex: 13    Spells: 1/11 levels left

rFire    . . .     SeeInvis .     - Unarmed
rCold    + + +     Gourm    .   (shield currently unavailable)
rNeg     . . .     Faith    .   (armour unavailable)
rPois    +         Spirit   .   (helmet currently unavailable)
rElec    .         Reflect  .   (cloak currently unavailable)
rCorr    .         Harm     .   (gloves currently unavailable)
MR       .....     Clarity  +   (boots currently unavailable)
Stlth    ++........             (no amulet)
HPRegen  0.21/turn              q - +1 ring of protection
MPRegen  0.12/turn              v - ring of protection from fire

@: ice-form
A: (breathe steam), unfitting armour, clarity, sense surroundings 1, AC +6
a: End Transformation, Renounce Religion


You were on level 5 of the Dungeon.
You worshipped Wu Jian.
Wu Jian was noncommittal.
You were not hungry.
You were a creature of crystalline ice.
You visited 2 branches of the dungeon, and saw 6 of its levels.

You collected 264 gold pieces.

Inventory:

Missiles
 a - 21 arrows
 e - 5 javelins (quivered)
Armour
 g - a +0 pair of boots (melded)
 m - a +0 large shield
 r - a +0 pair of gloves (melded)
Jewellery
 q - a +1 ring of protection (left front paw)
 v - a ring of protection from fire (right front paw)
Wands
 u - a wand of clouds (9/9)
 w - a wand of paralysis (8/24)
Scrolls
 h - a scroll of recharging
 l - a scroll of remove curse
 t - 2 scrolls of amnesia
Potions
 f - a potion of lignification {unknown}
 j - a potion of berserk rage {unknown}
 n - 2 potions of curing
 o - 2 potions of agility {unknown}
 p - a potion of resistance {unknown}
 x - a potion of might {unknown}
Books
 b - a book of Changes

   Spells                             Type                      Level
   a - Beastly Appendage              Transmutation                1
   b - Sticks to Snakes               Transmutation                2
   c - Spider Form                    Transmutation/Poison         3
   d - Ice Form                       Ice/Transmutation            4
   e - Blade Hands                    Transmutation                5
Comestibles
 c - 2 bread rations
 i - 2 royal jellies
 s - 2 meat rations
 z - 3 fruits


   Skills:
 * Level 3.6 Fighting
 * Level 3.4 Dodging
 + Level 2.1 Stealth
 + Level 3.7 Unarmed Combat
 + Level 2.8 Spellcasting
 * Level 3.8 Transmutations
 + Level 0.6 Ice Magic
 + Level 1.7 Poison Magic


You had one spell level left.
You knew the following spells:

 Your Spells              Type           Power        Failure   Level  Hunger
a - Beastly Appendage     Tmut           ##....       4%          1    #......
b - Sticks to Snakes      Tmut           ##......     7%          2    ###....
c - Spider Form           Tmut/Pois      #.........   21%         3    ###....
d - Ice Form              Ice/Tmut       #.......     65%         4    #####..


Dungeon Overview and Level Annotations

Branches:
Dungeon (5/15)             Temple (1/1) D:4

Altars:
Ashenzari
Cheibriados
Dithmenos
Elyvilon
Fedhas
Gozag
Hepliaklqana
Kikubaaqudgha
Makhleb
Qazlal
Ru
Sif Muna
Trog
Uskayaw
Vehumet
Wu Jian
Xom
Yredelemnul
Zin
The Shining One

Annotations:
D:5 Pikel


Innate Abilities, Weirdness & Mutations

((You can breathe blasts of scalding, opaque steam.))
((Your pale cyan-grey scales are hard. (AC +6)))
You cannot fit into any form of body armour.
((You are cold-blooded and may be slowed by cold attacks.))
You possess an exceptional clarity of mind.
You passively map a small area around you.


Message History

Unknown command.
Unknown command.
Okay, then.
Unknown command.
You feel better.
The frilled lizard bites you but does no damage.
The slave closely misses you.
The bullfrog zombie hits you but does no damage.
The slave hits you.
* * * LOW HITPOINT WARNING * * *
The slave barely misses you.
Casting: Ice Form
Confirm with . or Enter, or press ? or * to list all spells.
You create a snake!
You now have 21 arrows.
The frilled lizard barely misses you. The bullfrog zombie hits you.
* * * LOW HITPOINT WARNING * * *
The slave hits you.
* * * LOW HITPOINT WARNING * * *
The slave hits you!
You die...

#........<....
#.............
#.........(...
#%...(......#
#...........#
#...........#
#.....†S.[..#
#.....lpZ...#
#.....pYp...#
#############


You could see 3 slaves, a bullfrog zombie, a frilled lizard and a friendly ball
python.

Vanquished Creatures
  An ogre (D:4)
  A howler monkey (D:4)
  2 jellies (D:3)
  An orc priest (D:3)
  An orc wizard (D:3)
  A centaur skeleton (D:4)
  Ijyb (D:3)
  A hound skeleton (D:4)
  Robin (D:3)
  4 adders
  A shadow imp (D:5)
  10 oozes
  An adder skeleton (D:4)
  A dart slug (D:2)
  2 leopard geckos
  12 orcs
  12 bats
  4 giant cockroaches
  9 goblins
  11 hobgoblins
  12 jackals
  2 quokkas
  A ball python (D:3)
  7 frilled lizards
  16 kobolds
  10 rats
125 creatures vanquished.

Vanquished Creatures (collateral kills)
  An adder (D:2)
1 creature vanquished.

Vanquished Creatures (others)
  3 fungi (D:3)
  8 toadstools (D:3)
11 creatures vanquished.

Grand Total: 137 creatures vanquished

Notes
Turn   | Place    | Note
-------+----------+-------------------------------------------
     0 | D:1      | Kidiri the Draconian Transmuter began the quest for the Orb.
     0 | D:1      | Reached XP level 1. HP: 16/16 MP: 3/3
   249 | D:1      | Reached XP level 2. HP: 12/23 MP: 5/5
   408 | D:1      | Learned a level 2 spell: Sticks to Snakes
  1342 | D:2      | Reached XP level 3. HP: 21/29 MP: 2/6
  1548 | D:2      | Learned a level 3 spell: Spider Form
  1622 | D:2      | Reached skill level 1 in Stealth
  2003 | D:2      | Reached XP level 4. HP: 36/36 MP: 7/7
  2248 | D:3      | Noticed Robin
  2281 | D:3      | Killed Robin
  2453 | D:3      | Noticed Ijyb
  2462 | D:3      | Killed Ijyb
  2504 | D:3      | Reached XP level 5. HP: 42/42 MP: 8/8
  2731 | D:3      | Reached skill level 1 in Poison Magic
  2927 | D:3      | Found a snail-covered altar of Cheibriados.
  3226 | D:3      | Found a burning altar of Makhleb.
  3535 | D:3      | Reached XP level 6. HP: 29/51 MP: 6/9
  3624 | D:3      | Learned a level 4 spell: Ice Form
  4001 | D:4      | Gained mutation: You have sharp toenails. [potion of mutation]
  4001 | D:4      | Gained mutation: You are agile. (Dex +2) [potion of mutation]
  4002 | D:4      | Lost mutation: You are agile. (Dex +2) [potion of mutation]
  4002 | D:4      | Lost mutation: You have sharp toenails. [potion of mutation]
  4002 | D:4      | Gained mutation: You possess an exceptional clarity of mind. [potion of mutation]
  4002 | D:4      | Gained mutation: You passively map a small area around you. [potion of mutation]
  4485 | D:4      | Found a staircase to the Ecumenical Temple.
  4502 | Temple   | Entered the Ecumenical Temple
  4720 | Temple   | Became a worshipper of the Wu Jian Council
  4765 | D:4      | Your scales start taking on a pale cyan-grey colour.
  4765 | D:4      | Reached XP level 7. HP: 54/57 MP: 11/11
  5250 | D:5      | Entered Level 5 of the Dungeon
  5254 | D:5      | Noticed Pikel
  5273 | D:5      | Slain by a slave

Vault maps used:
D:1:      nzn_arrival_depleted_hourglass
D:3:      cheibrodos_fertilizer, lemuel_doored_altar, bloody_makhleb,
          grunt_ministairs_15, uniq_robin, uniq_ijyb
D:4:      temple_fountains, first_bread, eino_small_chamber_without_monster,
          nrook_mini_vaults
D:5:      kennysheep_generic_room_6, uniq_sigmund, uniq_pikel
Temple:   dpeg_five_rooms_temple

Skill      XL: |  1  2  3  4  5  6 |
---------------+-------------------+-----
Dodging        | 2 3 |  3.4
Fighting       | 2 3 |  3.6
Stealth        | 1 2 |  2.1
Transmutations | 3 |  3.8
Poison Magic   | 1 |  1.7
Unarmed Combat | |  3.7
Spellcasting   | |  2.8
Ice Magic      | |  0.6

Action                   |  1- 3 |  4- 6 |  7- 9 || total
-------------------------+-------+-------+-------++-------
Melee: Unarmed           |   131 |   272 |    27 ||   430
       Tailslap          |    13 |    16 |     5 ||    34
       Headbutt          |     3 |     4 |       ||     7
       Punch             |     2 |     2 |       ||     4
Throw: Javelin           |       |     4 |       ||     4
 Cast: Beastly Appendage |     7 |     2 |       ||     9
       Sticks to Snakes  |     1 |     4 |     1 ||     6
       Spider Form       |       |     9 |       ||     9
       Ice Form          |       |       |     1 ||     1
  Use: Scroll            |     2 |     5 |     2 ||     9
       Potion            |       |     3 |     1 ||     4
 Stab: Sleeping          |     4 |     2 |       ||     6
  Eat: Bread ration      |     1 |     1 |       ||     2
       Chunk             |       |     9 |       ||     9
Armor: Skin              |    54 |    73 |    17 ||   144
Dodge: Dodged            |    98 |   197 |    32 ||   327

Table legend:
 A = Spawn XP
 B = Non-spawn XP
 C = Spawn XP percentage of total XP
 D = Spawn monster count
 E = Non-spawn monster count
 F = Spawn count percentage of total count
 G = Total turns spent on level
                    A         B        C        D         E        F      G
               +---------+---------+-------+---------+---------+-------+---------
         Total |       0 |     765 |   0.0 |       0 |     126 |   0.0 |  5273
               +---------+---------+-------+---------+---------+-------+---------
           D:1 |       0 |      38 |   0.0 |       0 |      21 |   0.0 |  1302
           D:2 |       0 |      69 |   0.0 |       0 |      21 |   0.0 |   931
           D:3 |       0 |     359 |   0.0 |       0 |      59 |   0.0 |  1621
           D:4 |       0 |     285 |   0.0 |       0 |      23 |   0.0 |  1146
           D:5 |       0 |      14 |   0.0 |       0 |       2 |   0.0 |    23
               +---------+---------+-------+---------+---------+-------+---------
